Map: Frost LE

Players

mario - Winner!

  • Race: Terran Terran
  • League: Diamond

Insidious

  • Race: Protoss Protoss
  • League: Platinum

VOD

Have the link to the VOD?

Description

Hard time PvT

Time

  • Played on: July 31, 2016, 11:08 p.m.
  • Length: 18:24
Show
View Real Time Build Order
Export as new Build Order

mario Terran - Winner!

Build Orders: MMM Bio 

Get SALT Encoding   

  12  0:01  SCV  
  13  0:13  SCV  
  14  0:18  Supply Depot  
  14  0:25  SCV  
  15  0:29  Refinery  
  15  0:39  SCV  
  16  0:46  Barracks  
  16  0:51  SCV  
  17  1:04  SCV, Refinery  
  18  1:16  SCV  
  19  1:33  Orbital Command  
  19  1:34  Reaper  
  20  1:47  Factory  
  20  1:56  Barracks  
  20  2:01  SCV  
  20  2:03  Supply Depot  
  21  2:10  Barracks Reactor  
  21  2:13  SCV  
  22  2:34  Factory Tech Lab, SCV  
  23  2:43  Command Center  
  23  2:51  SCV  
  24  2:52  Marine x2  
  26  2:58  Supply Depot  
  26  3:03  SCV  
  27  3:07  Stimpack  
  27  3:08  Factory Reactor  
  27  3:11  Marine  
  27  3:12  Marine  
  29  3:14  Marine  
  30  3:39  SCV, Marine  
  30  3:40  Marine, Marauder  
  35  3:43  Supply Depot  
  35  3:46  Widow Mine  
  35  3:47  Starport  
  35  3:48  Widow Mine  
  38  3:55  SCV  
  39  4:02  Marine  
  39  4:03  Marauder  
  39  4:08  SCV  
  39  4:09  Orbital Command  
  43  4:21  Barracks  
  43  4:23  Marine x2  
  45  4:35  Marauder  
  45  4:37  SCV  
  48  4:39  SCV  
  48  4:41  Factory Tech Lab, Supply Depot  
  48  4:42  Marine  
  50  4:46  Medivac  
  50  4:49  Medivac  
  54  4:59  SCV  
  55  5:03  Engineering Bay  
  55  5:04  Engineering Bay  
  55  5:16  Siege Tank  
  55  5:17  SCV  
  55  5:19  SCV, Refinery  
  55  5:21  Refinery  
  58  5:50  SCV, Missile Turret  
  58  5:51  Marine x3  
  58  5:53  Marine  
  63  5:59  SCV  
  63  6:02  Medivac  
  66  6:08  SCV  
  66  6:10  Marine, Marauder  
  70  6:13  Combat Shields  
  70  6:18  SCV, Marine, Supply Depot  
  70  6:24  SCV  
  73  6:29  Barracks Tech Lab, Marine  
  73  6:31  Marauder  
  76  6:36  Medivac  
  78  6:48  SCV  
  78  7:12  Marine x3, Marauder  
  83  7:20  SCV  
  81  7:30  Marine x3  
  81  7:33  Marine  
  83  7:40  Command Center  
  83  7:47  SCV x2, Marine  
  86  7:52  Terran Infantry Armor Level 1, Terran Infantry Weapons Level 1  
  86  7:56  Supply Depot  
  86  7:57  Marine, Marauder x2  
  91  7:59  SCV  
  91  8:04  SCV  
  91  8:05  Marine  
  93  8:11  SCV  
  92  8:15  Marine  
  92  8:18  Marine x2  
  94  8:22  SCV, Barracks  
  94  8:23  Marine  
  94  8:26  SCV  
  97  8:29  Barracks  
  97  8:30  Barracks  
  97  8:32  Marine, Concussive Shells  
  97  8:33  Medivac  
  100  8:37  Marauder  
  102  8:42  Supply Depot  
  102  8:43  Supply Depot  
  102  8:48  Marine  
  102  8:51  Marauder  
  102  8:54  Liberator x2  
  102  8:56  Marine  
  102  8:58  Marauder  
  102  9:01  Orbital Command  
  104  9:15  SCV  
  109  9:18  SCV  
  109  9:22  Barracks Tech Lab  
  109  9:23  Barracks Reactor  
  110  9:24  Barracks Reactor  
  110  9:26  Marine  
  110  9:27  SCV, Marine, Marauder x2  
  110  9:28  SCV  
  110  9:30  SCV  
  119  9:35  Armory  
  119  9:36  Supply Depot  
  119  9:37  Supply Depot  
  119  9:39  SCV  
  119  9:40  SCV  
  119  9:42  SCV  
  119  9:43  Marine  
  119  9:44  Marine  
  124  9:46  Marauder  
  124  9:47  Marine  
  124  9:48  Marine  
  124  9:50  Siege Tank  
  124  9:51  SCV  
  124  9:52  SCV  
  133  9:58  SCV, Marine x2  
  133  9:59  Refinery  
  136  10:03  SCV  
  136  10:05  Marine x2  
  136  10:06  Marauder  
  139  10:07  Marine x3, Marauder  
  144  10:16  Marine x2  
  146  10:23  Marine x2  
  146  10:25  Marine  
  131  10:48  Marine, Marauder x2  
  117  11:04  Marine x3, Marauder  
  117  11:05  Marine x2  
  117  11:06  Marine  
  117  11:09  SCV x3, Marauder  
  117  11:10  Marauder  
  128  11:21  SCV x3  
  128  11:22  Marine x4, Siege Tank  
  128  11:23  Marine x2, Medivac x2  
  145  11:25  Command Center, Marauder  
  145  11:31  Marauder  
  146  11:33  SCV x3  
  142  11:45  SCV x2  
  133  11:53  Medivac  
  129  11:55  Marine x3, Siege Tank, Marauder x3  
  129  11:56  Marine x3  
  120  12:13  Marine x4  
  120  12:15  Marine x2  
  118  12:16  Marauder  
  118  12:17  Marauder x2  
  123  12:28  SCV  
  117  12:31  SCV, Marine x4  
  117  12:33  Marine x2  
  124  12:38  Marauder x3  
  124  12:43  SCV  
  131  12:48  Orbital Command  
  131  12:49  Marine x3  
  134  12:53  Terran Infantry Weapons Level 2, Terran Infantry Armor Level 2  
  134  12:56  Marine  
  135  12:59  Marauder x2  
  135  13:00  Marauder  
  135  13:02  Marine  
  135  13:03  Marine  
  143  13:06  Marine  
  130  13:33  Marine x3  
  130  13:34  Marine, Marauder x2  
  118  13:48  Marine  
  118  13:49  Marine, Marauder  
  118  13:51  Marine x4  
  126  13:56  Marauder x2  
  122  14:06  Marine x2  
  122  14:09  Marine x4  
  128  14:10  Marauder  
  125  14:17  Marine, Marauder  
  123  14:24  Marine  
  123  14:25  Marine  
  123  14:27  Marine x4  
  123  14:30  Siege Tank  
  132  14:31  Marauder  
  132  14:34  Marine  
  132  14:38  Marine  
  134  14:42  Marine  
  134  14:43  Marine  
  134  14:44  Marine  
  134  14:45  Marine x2  
  136  14:46  Medivac  
  135  14:53  Marauder x2  
  132  15:02  Siege Tank  
  132  15:05  Marine, Marauder  
  132  15:13  Marine x3  
  127  15:14  Marauder x2  
  127  15:20  Marine x2  
  120  15:23  Marine  
  120  15:27  Marauder  
  123  15:34  Siege Tank  
  128  15:35  Marauder  
  127  15:47  Marine x6, Marauder  
  127  15:48  Marauder  
  126  15:56  Marine  
  122  16:01  SCV  
  122  16:02  SCV  
  124  16:04  Marine  
  124  16:05  Marine x4  
  124  16:06  Siege Tank  
  124  16:08  Marauder  
  134  16:14  Marine, Marauder  
  134  16:15  Marauder  
  139  16:22  Marine  
  140  16:30  Marauder  
  136  16:38  Siege Tank  
  139  16:44  Marine x3, Marauder x2  
  139  16:46  Marine x3  
  149  16:50  Marine  
  150  17:02  Marine x3  
  150  17:04  Marine x3  
  146  17:12  Marine x3  
  149  17:19  Marine  
  148  17:23  Marine  
  148  17:28  Marine x2  
  151  17:30  Marauder  
  151  17:37  Marine x3, Marauder x2  
  151  17:43  Marine  
  153  17:46  Marine  
  154  17:55  Marine, Marauder  
  148  17:58  Marauder  
  148  17:59  Marine, Marauder  
  145  18:05  Marine  
  145  18:06  Marine x2  
Show
View Real Time Build Order
Export as new Build Order

Insidious Protoss 

Build Orders: 1 Gate Expand 

Get SALT Encoding   

  12  0:03  Probe (Chrono Boost)  
  13  0:13  Probe (Chrono Boost)  
  14  0:17  Pylon  
  14  0:24  Probe (Chrono Boost)  
  15  0:35  Probe (Chrono Boost)  
  16  0:37  Gateway  
  16  0:44  Assimilator  
  16  0:47  Probe (Chrono Boost)  
  17  0:57  Probe (Chrono Boost)  
  18  1:08  Probe (Chrono Boost)  
  19  1:22  Nexus  
  19  1:31  Cybernetics Core  
  19  1:34  Probe (Chrono Boost)  
  20  1:45  Probe (Chrono Boost)  
  20  1:46  Assimilator  
  21  1:55  Probe (Chrono Boost)  
  21  1:56  Pylon  
  22  2:06  Probe (Chrono Boost)  
  23  2:11  Stalker  
  25  2:17  Warp Gate  
  25  2:19  Probe (Chrono Boost)  
  26  2:38  Gateway  
  26  2:42  Gateway  
  26  2:47  Pylon  
  26  2:50  Probe (Chrono Boost)  
  27  2:58  Mothership Core (Chrono Boost)  
  29  3:09  Probe (Chrono Boost)  
  29  3:11  Stalker  
  32  3:16  Probe (Chrono Boost), Pylon  
  33  3:22  Probe (Chrono Boost)  
  32  3:43  Probe (Chrono Boost)  
  32  3:46  Probe (Chrono Boost)  
  34  3:51  Stargate  
  34  3:54  Probe (Chrono Boost)  
  35  3:56  Robotics Facility  
  35  3:57  Probe (Chrono Boost), Pylon  
  36  4:04  Probe (Chrono Boost)  
  36  4:07  Probe (Chrono Boost)  
  38  4:10  Assimilator  
  38  4:15  Probe (Chrono Boost)  
  39  4:18  Probe (Chrono Boost)  
  40  4:25  Probe (Chrono Boost), Twilight Council  
  40  4:28  Probe (Chrono Boost)  
  40  4:30  Adept, Sentry  
  46  4:34  Oracle  
  46  4:36  Probe (Chrono Boost)  
  47  4:40  Probe (Chrono Boost)  
  51  4:46  Probe (Chrono Boost)  
  51  4:47  Observer  
  51  4:52  Adept  
  56  4:53  Probe (Chrono Boost)  
  56  4:55  Adept  
  56  4:57  Probe (Chrono Boost)  
  59  5:05  Probe (Chrono Boost)  
  60  5:07  Probe (Chrono Boost)  
  60  5:08  Assimilator  
  60  5:10  Pylon  
  61  5:17  Probe (Chrono Boost)  
  61  5:18  Probe (Chrono Boost), Blink  
  64  5:29  Probe x2 (Chrono Boost)  
  65  5:41  Probe (Chrono Boost)  
  67  5:43  Probe (Chrono Boost)  
  67  5:45  Immortal  
  71  5:51  Robotics Bay  
  71  5:53  Probe (Chrono Boost)  
  71  5:55  Probe (Chrono Boost)  
  71  5:56  Gateway  
  73  5:59  Forge  
  73  6:01  Pylon  
  73  6:05  Stalker  
  73  6:06  Stalker  
  73  6:10  Pylon  
  77  6:19  Nexus  
  77  6:27  Pylon  
  77  6:32  Protoss Ground Weapons Level 1  
  77  6:33  Disruptor  
  77  6:38  Pylon  
  80  6:45  Probe (Chrono Boost)  
  80  6:46  Gateway, Robotics Facility  
  82  6:48  Probe (Chrono Boost)  
  82  6:57  Pylon  
  82  6:58  Stalker x2  
  85  7:09  Disruptor  
  85  7:11  Probe (Chrono Boost)  
  89  7:15  Stalker  
  89  7:18  Adept  
  91  7:37  Stalker  
  91  7:39  Disruptor  
  91  7:40  Disruptor  
  96  7:46  Adept  
  96  7:50  Probe (Chrono Boost)  
  102  7:56  Resonating Glaives  
  102  8:19  Pylon  
  102  8:21  Pylon  
  102  8:23  Pylon  
  102  8:27  Forge, Pylon  
  102  8:29  Pylon  
  102  8:30  Forge  
  102  8:31  Pylon  
  102  8:36  Disruptor  
  105  8:54  Probe (Chrono Boost)  
  105  8:55  Probe (Chrono Boost)  
  104  9:00  Stalker  
  104  9:01  Stalker x4  
  111  9:12  Oracle  
  111  9:13  Nexus  
  111  9:23  Disruptor  
  114  9:28  Disruptor  
  114  9:30  Protoss Ground Weapons Level 2, Protoss Ground Armor Level 1  
  120  9:35  Probe (Chrono Boost)  
  121  9:46  Nexus  
  121  9:48  Pylon  
  121  9:49  Pylon  
  121  9:52  Pylon  
  121  9:55  Stalker x2, Pylon  
  121  9:56  Stalker x2, Pylon  
  121  9:59  Pylon  
  129  10:02  Pylon x2  
  129  10:06  Immortal  
  129  10:07  Pylon  
  129  10:09  Probe (Chrono Boost)  
  134  10:16  Pylon  
  134  10:20  Gateway  
  134  10:33  Stalker  
  134  10:34  Stalker x4  
  125  11:03  Adept x2, Immortal  
  125  11:04  Adept x2  
  121  11:08  Immortal  
  129  11:11  Sentry  
  131  11:25  Stalker x3  
  129  11:42  Disruptor  
  123  11:52  Adept x4  
  126  12:04  Adept  
  120  12:21  Disruptor  
  116  12:26  Disruptor  
  116  12:28  Sentry x2  
  127  12:31  Probe (Chrono Boost)  
  127  12:56  Photon Cannon  
  127  13:02  Templar Archives  
  127  13:04  Photon Cannon  
  127  13:14  Pylon  
  121  13:26  Immortal  
  111  13:27  Stalker x3  
  111  13:28  Stalker x2  
  99  13:51  Stalker  
  99  13:52  Stalker x4  
  106  13:58  Assimilator  
  106  14:00  Disruptor  
  99  14:07  Disruptor  
  105  14:10  Assimilator  
  105  14:16  Adept x3  
  105  14:17  Adept  
  90  14:34  Adept  
  88  14:46  Adept  
  88  14:47  Adept x3  
  90  15:09  Mothership Core (Chrono Boost)  
  90  15:14  Adept x2  
  92  15:19  Disruptor  
  84  15:35  Adept  
  86  15:46  Adept  
  82  15:56  Adept  
  82  16:07  Stalker  
  84  16:13  High Templar x2  
  84  16:14  High Templar  
  90  16:21  Archon  
  76  16:36  Disruptor  
  76  16:37  Adept x2  
  78  16:46  High Templar x2  
  72  16:48  Adept  
  74  16:57  Archon  
  74  17:00  Adept x2  
  74  17:13  Stalker  
  72  17:23  Stalker  
  71  17:53  Adept  
  65  18:08  Stalker  
Tags
 
Add a new tag
Caveats
  • Supply blocks, unpowered buildings, or Contaminate may cause inaccurate times.
  • Supply counts are checked every 10 seconds.